 Dungeon Crawl Stone Soup version 0.18.1-50-g88ac8fd (webtiles) character file.

133 magog001 the Bolt Thrower (level 4, -1/37 HPs)
             Began as a Centaur Hunter on Dec 1, 2016.
             Killed from afar by an orc wizard (8 damage)
             ... with a magic dart
             ... on level 3 of the Dungeon.
             The game lasted 00:19:05 (3514 turns).

magog001 the Bolt Thrower (Centaur Hunter)          Turns: 3514, Time: 00:19:06

Health: -1/37      AC:  5    Str: 14    XL:     4   Next: 94%
Magic:  4/4        EV:  9    Int: 10    God:
Gold:   100        SH:  0    Dex: 11    Spells: 0 memorised, 3 levels left

rFire  . . .     SeeInvis .     y - +0 mace
rCold  . . .     Gourm    .     c - +0 leather armour
rNeg   . . .     Faith    .     (no shield)
rPois  .         Spirit   .     (no helmet)
rElec  .         Dismiss  .     z - +0 cloak
rCorr  .         Reflect  .     (no gloves)
SustAt .         Harm     .     (no barding)
MR     .....                    (no amulet)
Stlth  +.........               (no ring)
                                (no ring)

@: very quick, not resistant to hostile enchantments, very unstealthy
A: hooves 3, deformed body, speed 2, tough skin 3
a: no special abilities


You were on level 3 of the Dungeon.
You were hungry.

You visited 1 branch of the dungeon, and saw 3 of its levels.

You collected 100 gold pieces.

Inventory:

Hand Weapons
 a - a +1 hand crossbow
 b - a +0 short sword
 g - a +0 dagger of draining
 y - a +0 mace (weapon)
Missiles
 p - 35 arrows
Armour
 c - a +0 leather armour (worn)
 z - a +0 cloak (worn)
Scrolls
 h - a scroll of remove curse
 k - a scroll of identify
 m - a scroll of magic mapping {unknown}
 o - 2 scrolls of fog
 q - a scroll of amnesia {unknown}
 t - a scroll of fear {unknown}
 u - a scroll of recharging {unknown}
 A - a scroll of random uselessness {unknown}
Potions
 e - a potion of lignification
 s - 2 potions of curing
 v - a potion of flight
 w - 2 potions of resistance {unknown}
Comestibles
 d - 3 chunks of flesh
 f - 2 bread rations
 i - a beef jerky
 j - a meat ration


   Skills:
 * Level 2.4 Fighting
 + Level 0.1 Maces & Flails
 * Level 6.0 Crossbows
 + Level 0.8 Armour
 * Level 1.9 Dodging
 - Level 0.5 Stealth


You had 3 spell levels left.
You didn't know any spells.

Dungeon Overview and Level Annotations

Branches:
Dungeon (3/15)

Altars:
Ashenzari
Qazlal
Xom


Innate Abilities, Weirdness & Mutations

You have hooves in place of feet.
Armour fits poorly on your strangely shaped body.
You cover ground very quickly.
You have extremely tough skin (AC +3).


Message History

The orc wizard completely misses you.
You see here a bolt.
You closely miss the orc wizard.
You kick the orc wizard, but do no damage.
The orc wizard is almost dead.
The orc wizard gestures wildly while chanting.
The orc wizard blinks!
The orc wizard gestures wildly while chanting.
The orc wizard blinks!
The orc wizard hits you with a dagger.
* * * LOW HITPOINT WARNING * * *
You closely miss the orc wizard.
The orc wizard is severely wounded.
The orc wizard barely misses you. The orc wizard closely misses you.
You barely miss the orc wizard.
You kick the orc wizard, but do no damage.
The orc wizard is severely wounded.
The orc wizard gestures at you while chanting.
The magic dart hits you!
You die...

#. #.# .. #.# .# #(# #
. #.# # ##.##.
#.#####.#
......##........
.............%%.
#..o@(....# #.
#..##(###.#. #.# #..
#.# #.#.##.# ###..##)#
#.#.##.###
........###........#
###................####
#.###.######.....)... #
#.# #....)#### #.#
##...##


You could see an orc wizard.

Vanquished Creatures
  7 adders (D:2)
  2 dart slugs
  3 giant geckos
  2 orcs (D:3)
  7 bats
  A giant cockroach (D:1)
  6 goblins
  7 hobgoblins
  8 jackals
  A quokka (D:2)
  A ball python (D:2)
  4 giant newts (D:1)
  5 kobolds
  5 rats
59 creatures vanquished.

Notes
Turn   | Place    | Note
--------------------------------------------------------------
     0 | D:1      | magog001 the Centaur Hunter began the quest for the Orb.
     0 | D:1      | Reached XP level 1. HP: 17/17 MP: 1/1
   139 | D:1      | Reached XP level 2. HP: 24/24 MP: 2/2
   297 | D:1      | Reached skill level 5 in Crossbows
   922 | D:2      | Reached XP level 3. HP: 29/29 MP: 3/3
  1061 | D:2      | Found a stormy altar of Qazlal.
  1065 | D:2      | Found a shattered altar of Ashenzari.
  1383 | D:2      | Found a shimmering altar of Xom.
  1656 | D:2      | Reached XP level 4. HP: 30/36 MP: 4/4
  2820 | D:2      | Reached skill level 6 in Crossbows
  3514 | D:3      | Killed from afar by an orc wizard

Skill      XL: |  1  2  3  4 |
---------------+-------------+-----
Crossbows      | 5 6 |  6.0
Fighting       | |  2.4
Maces & Flails | |  0.1
Armour         | |  0.8
Dodging        | |  1.9
Stealth        | |  0.5

Action                   |  1- 3 |  4- 6 || total
-------------------------+-------+-------++-------
Melee: Mace              |    23 |    13 ||    36
       Kick              |     3 |    10 ||    13
       Short sword       |       |    57 ||    57
       Dagger            |       |    15 ||    15
 Fire: Hand crossbow     |   104 |    26 ||   130
  Use: Potion            |     4 |     1 ||     5
       Scroll            |       |     4 ||     4
  Eat: Chunk             |     1 |     1 ||     2
       Bread ration      |       |     1 ||     1
Armor: Leather armour    |    36 |    28 ||    64
       Skin              |     6 |    52 ||    58
Dodge: Dodged            |    55 |    41 ||    96
